 Dungeon Crawl Stone Soup version 0.30-a0-738-g116ff8c4af (webtiles) character file.

Game seed: 12386937133169525371

215 Leeroy the Sneak (level 5, 0/26 HPs)
             Began as a Vine Stalker Warper on Feb 3, 2023.
             Slain by an ogre
             ... wielding a +0 giant club
              (18 damage)
             ... on level 3 of the Dungeon.
             The game lasted 00:03:15 (2283 turns).

Leeroy the Sneak (Vine Stalker Warper)              Turns: 2283, Time: 00:03:15

Health: 0/26       AC:  3    Str: 14    XL:     5   Next: 92%
Magic:  0/9        EV: 12    Int: 19    God:
Gold:   146        SH:  0    Dex: 21    Spells: 8/8 levels left

rFire   . . .      SeeInvis .    j - +1 dagger (vamp)
rCold   . . .      Faith    .    (no shield)
rNeg    . . .      Spirit   +    b - +0 leather armour
rPois   .          Reflect  .    (no helmet)
rElec   .          Harm     .    (no cloak)
rCorr   .          Rampage  .    (no gloves)
Will    .....                    (no boots)
Stlth   +++                      (no amulet)
HPRegen 1.04/turn                k - +6 ring of dexterity
MPRegen 0.11/turn                y - +6 ring of intelligence

@: no status effects
A: fangs 2, regeneration 1, magic shield, antimagic bite, no potion heal 2
a: no special abilities


You were on level 3 of the Dungeon.
You visited 1 branch of the dungeon, and saw 3 of its levels.

You collected 146 gold pieces.

Inventory:

Hand Weapons
 a - a +0 falchion
 g - a +0 long sword
 j - a +1 vampiric dagger (weapon)
 x - a +4 short sword of electrocution
Missiles
 d - 7 boomerangs of dispersal (quivered)
 v - 8 poisoned darts
 C - 6 silver javelins
Armour
 b - a +0 leather armour (worn)
 p - the +4 ring mail of Recklessness {Fly rF+ Int-5 SInv}
   (You found it on level 2 of the Dungeon)

   Int:       It affects your intelligence (-5).
   rF:        It protects you from fire.
   SInv:      It lets you see invisible.
   Fly:       It grants you flight.
Jewellery
 k - a +6 ring of dexterity (left hand)
 y - a +6 ring of intelligence (right hand)
Wands
 s - a wand of mindburst (10)
Scrolls
 c - 2 scrolls of blinking
 f - a scroll of enchant armour {unknown}
 i - 6 scrolls of identify {unknown}
 l - 2 scrolls of teleportation {unknown}
 o - a scroll of enchant weapon {unknown}
 q - 4 scrolls of silence {unknown}
 w - a scroll of brand weapon {unknown}
 D - a scroll of vulnerability {unknown}
Potions
 e - a potion of haste {unknown}
 h - a potion of mutation {unknown}
 m - 2 potions of degeneration {unknown}
 n - a potion of ambrosia {unknown}
 r - a potion of curing {unknown}
 t - a potion of attraction {unknown}
 u - a potion of might {unknown}
 z - a potion of flight {unknown}
 A - 3 potions of brilliance {unknown}
 B - a potion of lignification {unknown}


   Skills:
 - Level 1.7 Fighting
 - Level 3.5 Long Blades
 - Level 0.8 Throwing
 - Level 0.7 Armour
 - Level 1.5 Dodging
 + Level 5.6 Stealth
 - Level 2.1 Spellcasting
 - Level 3.0 Translocations


You had 8 spell levels left.
You didn't know any spells.
Your spell library contained the following spells:

 Spells                   Type           Power      Damage    Failure   Level
 Blink                    Tloc           26%        N/A       10%         2
 Lesser Beckoning         Tloc           26%        N/A       10%         2
 Gell's Gravitas          Tloc           13%        N/A       19%         3
 Teleport Other           Tloc           13%        N/A       19%         3
 Portal Projectile        Hex/Tloc       14%        N/A       34%         3
 Vhi's Electric Charge    Tloc/Air       14%        N/A       34%         3
 Manifold Assault         Tloc           13%        N/A       52%         4
 Tukima's Dance           Hex            2%         N/A       54%         3
 Blade Hands              Tmut           1%         N/A       99%         5


Dungeon Overview and Level Annotations

Branches:
Dungeon (3/15)

Altars:

Shops:
D:1 (


Innate Abilities, Weirdness & Mutations

You have extremely sharp teeth.
Your natural rate of healing is unusually fast.
When hurt, damage is shared between your health and your magic reserves.
Your bite disrupts and absorbs the magic of your enemies.
Potions cannot restore your health.


Message History

No target in view!
An adder comes into view.
An adder is nearby!
The helpless adder fails to defend itself.
You stick the adder like a pincushion!!!
You kill the adder!
No target in view!
No target in view!
No target in view!
An ogre comes into view. It is wielding a +0 giant club.
The ogre shouts!
You hit the ogre.
The ogre is lightly wounded.
The ogre hits you with a +0 giant club!
You hit the ogre.
You feel better.
The ogre is moderately wounded.
The ogre closely misses you.
You barely miss the ogre. You bite the ogre. You drain its power.
You feel invigorated.
The ogre is moderately wounded.
You hit the ogre.
You feel better.
Your bite misses the ogre.
The ogre is moderately wounded.
The ogre misses you.
You hit the ogre but do no damage. You bite the ogre, but do no damage.
The ogre is moderately wounded.
You hit the ogre. You bite the ogre, but do no damage.
The ogre is heavily wounded.
The ogre closely misses you.
You hit the ogre.
The ogre is severely wounded.
The ogre hits you with a +0 giant club!
Ouch! That really hurt!
You hit the ogre.
You feel better.
You bite the ogre. You drain its power.
You feel invigorated.
The ogre is almost dead.
You hit the ogre.
You feel better.
You bite the ogre, but do no damage.
The ogre is almost dead.
The ogre hits you with a +0 giant club!!
Ouch! That really hurt!
You die...

#..............#.# #####.#......
####...>.......#.# #.....#<.....
####[##........#(####.....#......
.....##..................)#......
.....##....###...###.####.#......
###.####.#####.........##.#......
..#....#.............#.##.#......
.....#.#######.......# #.#####..
.....#.# #..@.<..# #.#......
.....#.# ##.O...!# #.#.#.#..
....†..# ##.......##.#.#.#..
.....### #.###.####.#...#..
.....# #.. .# #.#...#.. .....#
###########........ ######
#.............#.##.
#.#############.##. #.#
#.......##.


You could see an ogre.

Vanquished Creatures
  A black bear (D:3)
  6 adders
  A dart slug (D:3)
  5 orcs (D:3)
  6 bats
  6 endoplasms
  A giant cockroach (D:2)
  4 goblins
  3 hobgoblins
  3 jackals (D:1)
  5 quokkas
  12 ball pythons
  2 frilled lizards
  5 kobolds
  3 rats
63 creatures vanquished.

Notes
Turn   | Place    | Note
-------+----------+-------------------------------------------
     0 | D:1      | Leeroy the Vine Stalker Warper began the quest for the Orb.
     0 | D:1      | Reached XP level 1. HP: 11/11 MP: 4/4
   168 | D:1      | Reached XP level 2. HP: 5/15 MP: 6/6
   245 | D:1      | Found Plog's Weapon Emporium.
   808 | D:2      | Reached XP level 3. HP: 18/18 MP: 7/7
   866 | D:2      | Identified the +4 ring mail of Recklessness {Fly rF+ Int-5
                  | SInv}
  1151 | D:2      | Reached skill level 1 in Stealth
  1208 | D:2      | Gained mutation: Your natural rate of healing is unusually
                  | fast. [Vine Stalker growth]
  1208 | D:2      | Reached XP level 4. HP: 23/23 MP: 8/8
  1261 | D:2      | Reached skill level 2 in Stealth
  1807 | D:3      | Reached skill level 3 in Stealth
  1855 | D:3      | Noticed a black bear
  1872 | D:3      | Killed a black bear
  1873 | D:3      | Reached skill level 5 in Stealth
  1873 | D:3      | Reached XP level 5. HP: 17/26 MP: 5/9
  2270 | D:3      | Noticed an ogre
  2283 | D:3      | Slain by an ogre

Illustrated notes

Levels and vault maps discovered:
D:1:      dpeg_arrival_refuge, layout_loops_ring, serial_shops, shop,
          hangedman_abyss_or_decor_stabs, hangedman_decor_push
D:2:      layout_loops_ring, minmay_snake_closets
D:3:      layout_basic

Skill      XL: |  1  2  3  4 |
---------------+-------------+-----
Long Blades    | 2 3 |  3.5
Stealth        | 1 5 |  5.6
Fighting       | |  1.7
Throwing       | |  0.8
Armour         | |  0.7
Dodging        | |  1.5
Spellcasting   | |  2.1
Translocations | |  3.0

Action                     |  1- 3 |  4- 6 || total
---------------------------+-------+-------++-------
  Melee: Falchion          |    36 |       ||    36
         Bite              |    22 |    21 ||    43
         Punch             |     2 |       ||     2
         Dagger            |    57 |    80 ||   137
         Long sword        |     3 |       ||     3
   Stab: Sleeping          |     4 |    15 ||    19
 Armour: Leather armour    |    15 |    14 ||    29
  Dodge: Dodged            |    48 |    34 ||    82

Table legend: (Time is in decaauts)
 A = Elapsed time spent in this place.
 B = Non-inter-level travel time spent in this place.
 C = Inter-level travel time spent in this place.
 D = Time resting spent in this place.
 E = Time spent auto-exploring this place.
 F = Levels seen in this place.
 G = Mean time per level.
                   A        B        C        D        E       F      G
               +--------+--------+--------+--------+--------+-----+--------+
         Total |   2274 |   2223 |     51 |      0 |   1787 |   3 |  758.0 |
       Dungeon |   2274 |   2223 |     51 |      0 |   1787 |   3 |  758.0 |
               +--------+--------+--------+--------+--------+-----+--------+

Top non-repeatable levels by time:
     D:2: 887 daAuts
     D:1: 794 daAuts
     D:3: 592 daAuts
